| TOP OF THE 1ST |
|
Colorado Springs Sky Sox batting - Pitching for Indianapolis Indians : RHP Antonio Alvarez
|
|
Pitching: RHP Antonio Alvarez
|
|
|
Batting: LHB Greg Valenzuela
|
0-0: Ball 1-0: Called Strike 1-1: Swinging Strike 1-2: Fly out, F8 (Flyball, 8LM, EV 88.8 MPH)
|
|
Batting: LHB Steve Gilliam
|
0-0: Ball 1-0: Ball 2-0: Ball 3-0: Base on Balls
|
|
Batting: RHB Mike McElroy
|
0-0: Called Strike Steve Gilliam steals 2nd, throwing error, E2 Steve Gilliam to third 0-1: Foul Ball, location: 2F 0-2: Ball 1-2: Strikes out swinging
|
|
Batting: LHB Luke Coulter
|
0-0: SINGLE (Groundball, 56D, EV 100.0 MPH) Steve Gilliam scores
|
|
Batting: RHB John Boyer
|
0-0: Fly out, F9 (Flyball, 9S, EV 84.4 MPH)
|
| Top of the 1st over - 1 run, 1 hit, 1 error, 1 left on base; Colorado Springs 1 - Indianapolis 0 |
| BOTTOM OF THE 1ST |
|
Indianapolis Indians batting - Pitching for Colorado Springs Sky Sox : RHP Trey Price
|
|
Pitching: RHP Trey Price
|
|
|
Batting: RHB Luis Ramos
|
0-0: Fly out, F7 (Flyball, 7D, EV 98.1 MPH)
|
|
Batting: RHB Caleb Russell
|
0-0: Ball 1-0: Ground out 5-3 (Groundball, 56, EV 98.8 MPH)
|
|
Batting: LHB Edwin Aguilar
|
0-0: Foul Ball, location: 2F 0-1: Ball 1-1: Ground out U3 (Groundball, 3, EV 102.5 MPH)
|
| Bottom of the 1st over - 0 runs, 0 hits, 0 errors, 0 left on base; Colorado Springs 1 - Indianapolis 0 |
| TOP OF THE 2ND |
|
Colorado Springs Sky Sox batting - Pitching for Indianapolis Indians : RHP Antonio Alvarez
|
|
Batting: RHB Juan Figueroa
|
0-0: Called Strike 0-1: Foul Ball, location: 2F 0-2: Foul Ball, location: 2F 0-2: Ball 1-2: Fly out, F4 (Popup, 4, EV 61.2 MPH)
|
|
Batting: RHB John Stevenson
|
0-0: Ball 1-0: Ball 2-0: Foul Ball, location: 2F 2-1: Ball 3-1: Base on Balls
|
|
Batting: LHB Mike Clark
|
0-0: Called Strike 0-1: Foul Ball, location: 2F 0-2: Ball 1-2: Strikes out swinging
|
|
Batting: RHB Kevin McKasson
|
0-0: Ball 1-0: Ball 2-0: Ball 3-0: Foul Ball, location: 2F 3-1: Called Strike John Stevenson is caught stealing 2nd base 2-4
|
| Top of the 2nd over - 0 runs, 0 hits, 0 errors, 0 left on base; Colorado Springs 1 - Indianapolis 0 |
| BOTTOM OF THE 2ND |
|
Indianapolis Indians batting - Pitching for Colorado Springs Sky Sox : RHP Trey Price
|
|
Batting: LHB Alberto Figueroa
|
0-0: Ball 1-0: Foul Ball, location: 2F 1-1: Ball 2-1: Ball 3-1: Called Strike 3-2: Fly out, F7 (Line Drive, 7, EV 88.1 MPH)
|
|
Batting: RHB Adam Kaeser
|
0-0: Ball 1-0: Fly out, F8 (Flyball, 89D, EV 101.2 MPH)
|
|
Batting: RHB Isaiah Yarbrough
|
0-0: Ball 1-0: Fly out, F9 (Line Drive, 89M, EV 111.2 MPH)
|
| Bottom of the 2nd over - 0 runs, 0 hits, 0 errors, 0 left on base; Colorado Springs 1 - Indianapolis 0 |
| TOP OF THE 3RD |
|
Colorado Springs Sky Sox batting - Pitching for Indianapolis Indians : RHP Antonio Alvarez
|
|
Batting: RHB Kevin McKasson
|
0-0: Ball 1-0: Ball 2-0: Fly out, F4 (Line Drive, 4, EV 75.0 MPH)
|
|
Batting: LHB Greg Valenzuela
|
0-0: Ball 1-0: Called Strike 1-1: Foul Ball, location: 2F 1-2: Foul Ball, location: 2F 1-2: Foul Ball, location: 2F 1-2: Foul Ball, location: 2F 1-2: Foul Ball, location: 2F 1-2: SINGLE (Groundball, 56S, EV 75.0 MPH) (infield hit)
|
|
Batting: LHB Steve Gilliam
|
0-0: Ball Greg Valenzuela steals 2nd, throwing error, E2 Greg Valenzuela to third 1-0: Ground out 2-3 (Groundball, 2L, EV 62.5 MPH)
|
|
Batting: RHB Mike McElroy
|
0-0: Ball 1-0: Ball 2-0: Ball 3-0: Called Strike 3-1: Base on Balls
|
|
Batting: LHB Luke Coulter
|
0-0: Called Strike 0-1: Foul Ball, location: 2F 0-2: Ball 1-2: Foul Ball, location: 2F 1-2: Strikes out swinging
|
| Top of the 3rd over - 0 runs, 1 hit, 1 error, 2 left on base; Colorado Springs 1 - Indianapolis 0 |
| BOTTOM OF THE 3RD |
|
Indianapolis Indians batting - Pitching for Colorado Springs Sky Sox : RHP Trey Price
|
|
Batting: LHB Jorge Quintana
|
0-0: Called Strike 0-1: Ball 1-1: Foul Ball, location: 2F 1-2: Strikes out looking
|
|
Batting: RHB Matt Keef
|
0-0: Ball 1-0: Bunted foul 1-1: Swinging Strike 1-2: Ball 2-2: Foul Ball, location: 2F 2-2: Ball 3-2: Base on Balls
|
|
Batting: RHB Slamet Pamungkas
|
0-0: Ball 1-0: Foul Ball, location: 2F 1-1: Called Strike Matt Keef steals 2nd base 1-2: Strikes out swinging
|
|
Batting: RHB Luis Ramos
|
0-0: Ball 1-0: Called Strike 1-1: Ball 2-1: Swinging Strike 2-2: Ball 3-2: DOUBLE (Line Drive, 78D, EV 105.6 MPH) Matt Keef scores
|
|
Batting: RHB Caleb Russell
|
0-0: Ball 1-0: Foul Ball, location: 2F 1-1: Swinging Strike 1-2: Ball 2-2: 2-RUN HOME RUN (Flyball, 7D, EV 98.8 MPH), Distance : 396 ft
|
|
Batting: LHB Edwin Aguilar
|
0-0: Ball 1-0: Called Strike 1-1: SINGLE (Groundball, 4D, EV 98.8 MPH)
|
|
Batting: LHB Alberto Figueroa
|
0-0: Ground out 4-3 (Groundball, 34S, EV 81.2 MPH)
|
| Bottom of the 3rd over - 3 runs, 3 hits, 0 errors, 1 left on base; Colorado Springs 1 - Indianapolis 3 |
| TOP OF THE 4TH |
|
Colorado Springs Sky Sox batting - Pitching for Indianapolis Indians : RHP Antonio Alvarez
|
|
Batting: RHB John Boyer
|
0-0: Ball 1-0: Called Strike 1-1: Ball 2-1: Fly out, F9 (Flyball, 9LS, EV 88.8 MPH)
|
|
Batting: RHB Juan Figueroa
|
0-0: Ball 1-0: Called Strike 1-1: Ball 2-1: Foul Ball, location: 2F 2-2: Ball 3-2: Base on Balls
|
|
Batting: RHB John Stevenson
|
0-0: Ball Juan Figueroa steals 2nd base 1-0: Foul Ball, location: 2F 1-1: DOUBLE (Line Drive, 9LS, EV 100.0 MPH) Juan Figueroa scores
|
|
Batting: LHB Mike Clark
|
0-0: Ball 1-0: Ball 2-0: Ball 3-0: Called Strike 3-1: Foul Ball, location: 2F 3-2: Base on Balls
|
|
Batting: RHB Kevin McKasson
|
0-0: Ball 1-0: Ball 2-0: DOUBLE (Line Drive, 89D, EV 110.6 MPH) John Stevenson scores Mike Clark to third Runner from 3rd tries for Home, SAFE, no throw by CF
|
|
Batting: LHB Greg Valenzuela
|
0-0: Called Strike 0-1: Ball 1-1: Swinging Strike 1-2: Strikes out swinging
|
|
Batting: LHB Steve Gilliam
|
0-0: Ball 1-0: Foul Ball, location: 2F 1-1: Ball 2-1: Ball 3-1: Foul Ball, location: 2F 3-2: Ground out 5-3 (Groundball, 56S, EV 79.4 MPH)
|
| Top of the 4th over - 3 runs, 2 hits, 0 errors, 1 left on base; Colorado Springs 4 - Indianapolis 3 |
| BOTTOM OF THE 4TH |
|
Indianapolis Indians batting - Pitching for Colorado Springs Sky Sox : RHP Trey Price
|
|
Batting: RHB Adam Kaeser
|
0-0: Ball 1-0: Called Strike 1-1: Ball 2-1: Ground out 5-3 (Groundball, 5, EV 91.2 MPH)
|
|
Batting: RHB Isaiah Yarbrough
|
0-0: Ball 1-0: Swinging Strike 1-1: Swinging Strike 1-2: Ground out 6-3 (Groundball, 6, EV 88.1 MPH)
|
|
Batting: LHB Jorge Quintana
|
0-0: Ground out 4-3 (Groundball, 34, EV 105.0 MPH)
|
| Bottom of the 4th over - 0 runs, 0 hits, 0 errors, 0 left on base; Colorado Springs 4 - Indianapolis 3 |
| TOP OF THE 5TH |
|
Colorado Springs Sky Sox batting - Pitching for Indianapolis Indians : RHP Antonio Alvarez
|
|
Batting: RHB Mike McElroy
|
0-0: Called Strike 0-1: Ball 1-1: Foul Ball, location: 2F 1-2: Ground out 1-3 (Groundball, 13S, EV 74.4 MPH)
|
|
Batting: LHB Luke Coulter
|
0-0: Foul Ball, location: 2F 0-1: Called Strike 0-2: Foul Ball, location: 2F 0-2: Ball 1-2: Fly out, F8 (Flyball, 8RM, EV 88.8 MPH)
|
|
Batting: RHB John Boyer
|
0-0: Called Strike 0-1: Ball 1-1: Called Strike 1-2: Foul Ball, location: 2F 1-2: Fly out, F9 (Line Drive, 9, EV 87.5 MPH)
|
| Top of the 5th over - 0 runs, 0 hits, 0 errors, 0 left on base; Colorado Springs 4 - Indianapolis 3 |
| BOTTOM OF THE 5TH |
|
Indianapolis Indians batting - Pitching for Colorado Springs Sky Sox : RHP Trey Price
|
|
Batting: RHB Matt Keef
|
0-0: Foul Ball, location: 2F 0-1: DOUBLE (Line Drive, 9LS, EV 100.6 MPH)
|
|
Batting: RHB Slamet Pamungkas
|
0-0: Ball 1-0: Ball 2-0: Ground out 4-3 (Groundball, 4, EV 98.1 MPH) Matt Keef to third
|
|
Batting: RHB Luis Ramos
|
0-0: SINGLE (Groundball, 34, EV 95.6 MPH) Matt Keef scores
|
|
Batting: RHB Caleb Russell
|
0-0: Ball 1-0: Ball 2-0: Foul Ball, location: 2F 2-1: Foul Ball, location: 2F 2-2: Foul Ball, location: 2F 2-2: Fly out, F7 (Flyball, 7LD, EV 101.9 MPH)
|
|
Batting: LHB Edwin Aguilar
|
0-0: Ball 1-0: Ball 2-0: Foul Ball, location: 2F 2-1: Ball 3-1: Base on Balls Luis Ramos to second
|
|
Batting: LHB Alberto Figueroa
|
0-0: Ball 1-0: Foul Ball, location: 2F 1-1: Foul Ball, location: 2F 1-2: Foul Ball, location: 2F 1-2: Foul Ball, location: 2F 1-2: Strikes out swinging
|
| Bottom of the 5th over - 1 run, 2 hits, 0 errors, 2 left on base; Colorado Springs 4 - Indianapolis 4 |
| TOP OF THE 6TH |
|
Colorado Springs Sky Sox batting - Pitching for Indianapolis Indians : RHP Antonio Alvarez
|
|
Batting: RHB Juan Figueroa
|
0-0: Ball 1-0: Foul Ball, location: 2F 1-1: Bunt missed! 1-2: Ball 2-2: DOUBLE (Line Drive, 3D, EV 100.0 MPH) - OUT at third base trying to stretch hit.
|
|
Pitching: RHP Mario Medrano
|
|
|
Batting: RHB John Stevenson
|
0-0: Ball 1-0: Foul Ball, location: 2F 1-1: Ball 2-1: Swinging Strike 2-2: Foul Ball, location: 2F 2-2: SINGLE (Line Drive, 6MD, EV 99.4 MPH)
|
|
Batting: LHB Mike Clark
|
0-0: Ball 1-0: Foul Ball, location: 2F 1-1: Ball 2-1: Called Strike 2-2: Ball 3-2: Foul Ball, location: 2F 3-2: Base on Balls John Stevenson to second
|
|
Batting: RHB Kevin McKasson
|
0-0: Fly out, F8 (Flyball, 8RXD, EV 108.1 MPH) Runner from 2nd tags up, SAFE at 3rd, no throw by CF
|
|
Batting: LHB Greg Valenzuela
|
0-0: Called Strike 0-1: Fly out, F9 (Flyball, 89M, EV 89.4 MPH)
|
| Top of the 6th over - 0 runs, 2 hits, 0 errors, 2 left on base; Colorado Springs 4 - Indianapolis 4 |
| BOTTOM OF THE 6TH |
|
Indianapolis Indians batting - Pitching for Colorado Springs Sky Sox : RHP Trey Price
|
|
Batting: RHB Adam Kaeser
|
0-0: Ground out 5-3 (Groundball, 56S, EV 71.2 MPH)
|
|
Batting: RHB Isaiah Yarbrough
|
0-0: SINGLE (Groundball, 3D, EV 108.1 MPH)
|
|
Batting: LHB Jorge Quintana
|
0-0: Swinging Strike 0-1: Called Strike 0-2: Ball 1-2: Ball 2-2: Grounds out, U3 (Groundball, 3L, EV 88.8 MPH)
|
|
Batting: RHB Matt Keef
|
0-0: Ball 1-0: Ball 2-0: Swinging Strike 2-1: SINGLE (Groundball, 56D, EV 106.2 MPH) Isaiah Yarbrough to third Runner from 3rd tries for Home, SAFE, throw by LF to home Matt Keef to second
|
|
Pitching: RHP Vas Karamyshev
|
|
|
Batting: RHB Slamet Pamungkas
|
0-0: Ground out 5-3 (Groundball, 56, EV 104.4 MPH)
|
| Bottom of the 6th over - 1 run, 2 hits, 0 errors, 1 left on base; Colorado Springs 4 - Indianapolis 5 |
| TOP OF THE 7TH |
|
Colorado Springs Sky Sox batting - Pitching for Indianapolis Indians : RHP Mario Medrano
|
|
Batting: LHB Steve Gilliam
|
0-0: Ball 1-0: SINGLE (Groundball, 4MD, EV 106.9 MPH)
|
|
Batting: RHB Mike McElroy
|
0-0: Called Strike 0-1: Ball Steve Gilliam steals 2nd base 1-1: Ball 2-1: Called Strike 2-2: Ball 3-2: Ground out 6-3 (Groundball, 6M, EV 90.6 MPH) Steve Gilliam to third
|
|
Batting: LHB Luke Coulter
|
0-0: Fly out, F3 (Popup, 3SF, EV 85.6 MPH)
|
|
Pinch Hitting: LHB Michael Krott
|
0-0: Called Strike 0-1: Ground out 4-3 (Groundball, 34, EV 100.6 MPH)
|
| Top of the 7th over - 0 runs, 1 hit, 0 errors, 1 left on base; Colorado Springs 4 - Indianapolis 5 |
| BOTTOM OF THE 7TH |
|
Indianapolis Indians batting - Pitching for Colorado Springs Sky Sox : RHP Vas Karamyshev
|
|
Now at 3B: Zach Sommer
|
|
|
Batting: RHB Luis Ramos
|
0-0: Ball 1-0: Called Strike 1-1: Ball 2-1: Foul Ball, location: 2F 2-2: Fly out, F2 (Popup, 23F, EV 80.0 MPH)
|
|
Batting: RHB Caleb Russell
|
0-0: Swinging Strike 0-1: Called Strike 0-2: Ball 1-2: Strikes out swinging
|
|
Batting: LHB Edwin Aguilar
|
0-0: Ground out 4-3 (Groundball, 4, EV 101.9 MPH)
|
| Bottom of the 7th over - 0 runs, 0 hits, 0 errors, 0 left on base; Colorado Springs 4 - Indianapolis 5 |
| TOP OF THE 8TH |
|
Colorado Springs Sky Sox batting - Pitching for Indianapolis Indians : RHP Mario Medrano
|
|
Batting: RHB Juan Figueroa
|
0-0: Fly out, F8 (Flyball, 8RS, EV 94.4 MPH)
|
|
Pinch Hitting: SHB Bobby Santor
|
0-0: Ball 1-0: Swinging Strike 1-1: Called Strike 1-2: Strikes out swinging
|
|
Batting: LHB Mike Clark
|
0-0: Called Strike 0-1: Foul Ball, location: 2F 0-2: Foul Ball, location: 2F 0-2: Ball 1-2: Fly out, F2 (Popup, 2LF, EV 90.6 MPH)
|
| Top of the 8th over - 0 runs, 0 hits, 0 errors, 0 left on base; Colorado Springs 4 - Indianapolis 5 |
| BOTTOM OF THE 8TH |
|
Indianapolis Indians batting - Pitching for Colorado Springs Sky Sox : RHP Vas Karamyshev
|
|
Pitching: LHP Bill Ogren
|
|
|
Now at 1B: Bobby Santor
|
|
|
Now in CF: Steve Gilliam
|
|
|
Batting: LHB Alberto Figueroa
|
0-0: Ball 1-0: Hit by Pitch
|
|
Batting: RHB Adam Kaeser
|
0-0: Reached on error, E6 (Groundball, 6D, EV 90.0 MPH) Alberto Figueroa to second
|
|
Batting: RHB Isaiah Yarbrough
|
0-0: Ball 1-0: Ball Alberto Figueroa steals 3rd base 2-0: SINGLE (Line Drive, 34D, EV 102.5 MPH) Alberto Figueroa scores Adam Kaeser to second
|
|
Batting: LHB Jorge Quintana
|
0-0: Sac Bunt by 13S - play at third, runner safe! Isaiah Yarbrough to second
|
|
Batting: RHB Matt Keef
|
0-0: Called Strike 0-1: Ball 1-1: Ball 2-1: Ball 3-1: Swinging Strike 3-2: Base on Balls Adam Kaeser scores Isaiah Yarbrough to third Jorge Quintana to second
|
|
Batting: RHB Slamet Pamungkas
|
0-0: Ball 1-0: Swinging Strike 1-1: Grounds into fielders choice 5-2 (Groundball, 25, EV 64.4 MPH) Jorge Quintana to third Matt Keef to second
|
|
Batting: RHB Luis Ramos
|
0-0: Reached on error, E6 (Groundball, 6S, EV 84.4 MPH) Jorge Quintana scores Matt Keef to third Slamet Pamungkas to second
|
|
Batting: RHB Caleb Russell
|
0-0: Ball 1-0: Foul Ball, location: 2F 1-1: Ball 2-1: Swinging Strike 2-2: Foul Ball, location: 2F 2-2: Ball 3-2: Strikes out looking
|
|
Batting: LHB Edwin Aguilar
|
0-0: Swinging Strike 0-1: Ball 1-1: Ball 2-1: Ball 3-1: Foul Ball, location: 2F 3-2: Strikes out swinging
|
| Bottom of the 8th over - 3 runs, 1 hit, 2 errors, 3 left on base; Colorado Springs 4 - Indianapolis 8 |
| TOP OF THE 9TH |
|
Colorado Springs Sky Sox batting - Pitching for Indianapolis Indians : RHP Mario Medrano
|
|
Pitching: RHP Hugo Rodriguez
|
|
|
Batting: RHB Kevin McKasson
|
0-0: Ball 1-0: Ball 2-0: Ball 3-0: Called Strike 3-1: Called Strike 3-2: Base on Balls
|
|
Batting: LHB Greg Valenzuela
|
0-0: Ball 1-0: Ball 2-0: Ball 3-0: Called Strike 3-1: Foul Ball, location: 2F 3-2: Foul Ball, location: 2F 3-2: Foul Ball, location: 2F 3-2: Base on Balls Kevin McKasson to second
|
|
Pitching: RHP Robby Poyfair
|
|
|
Batting: LHB Steve Gilliam
|
0-0: Called Strike 0-1: Called Strike 0-2: Fly out, F7 (Line Drive, 7LM, EV 98.8 MPH)
|
|
Batting: RHB Mike McElroy
|
0-0: Foul Ball, location: 2F 0-1: Foul Ball, location: 2F 0-2: Fielders Choice at 2nd, 2-6 (Groundball, 2R, EV 66.2 MPH) Kevin McKasson to third
|
|
Batting: LHB Luke Coulter
|
0-0: Foul Ball, location: 2F 0-1: Fly out, F8 (Flyball, 8RD, EV 96.9 MPH)
|
| Top of the 9th over - 0 runs, 0 hits, 0 errors, 2 left on base; Colorado Springs 4 - Indianapolis 8 |
|